 Dungeon Crawl Stone Soup version 0.24-a0-48-g0ecae65 (console) character file.

Game seed: 6290824295470481925

146086 Duffy the Naga Cataclysm (level 17, 37/153 HPs)
             Began as a Naga Fighter on Feb 3, 2019.
             Was a High Priest of Qazlal.
             Quit the game on level 3 of the Spider Nest.
             The game lasted 00:45:59 (33462 turns).

Duffy the Naga Cataclysm (Naga Fighter)            Turns: 33462, Time: 00:46:00

Health: 37/153     AC: 22    Str: 19    XL:     17   Next: 43%
Magic:  9/29       EV:  3    Int: 10    God:    Qazlal [*****.]
Gold:   1494       SH: 27    Dex: 16    Spells: 13/16 levels left

rFire    . . .     SeeInvis +   a - +6 war axe (elec)
rCold    + + .     Gourm    .   R - +0 large shield
rNeg     . . .     Faith    +   P - +4 plate armour
rPois    +         Spirit   .   u - +0 helmet
rElec    .         Reflect  .   t - +2 cloak {+Inv}
rCorr    .         Harm     .   W - +0 pair of gloves (curse)
MR       ++...                  c - +3 naga barding {rC+}
Stlth    ..........             B - amulet of faith
HPRegen  0.35/turn              z - ring of protection from cold
MPRegen  0.21/turn              i - +1 ring of protection

@: protected from physical damage, corroded, repel missiles, very slow
A: large, see invisible, deformed body, poison resistance, slowness 2, slow
metabolism 1, spit poison 1, constrict 1, AC +5
a: Spit Poison, Upheaval, Elemental Force, Disaster Area, Renounce Religion,
Evoke Invisibility


You were on level 3 of the Spider Nest.
You worshipped Qazlal.
Qazlal was extremely pleased with you.
You were not hungry.

You visited 5 branches of the dungeon, and saw 27 of its levels.
You also visited: Gauntlet.

You collected 2331 gold pieces.
You spent 837 gold pieces at shops.

Inventory:

Hand Weapons
 a - a +6 war axe of electrocution (weapon)
 b - a +0 blowgun
 y - a +0 broad axe of flaming
Missiles
 x - 26 curare-tipped needles
Armour
 c - a +3 naga barding of cold resistance (worn)
 t - a +2 cloak of invisibility (worn)
 u - a +0 helmet (worn)
 P - a +4 plate armour (worn)
 R - a +0 large shield (worn)
 S - the +1 cloak "Inwafis" {rElec Dex+3}
   (You found it in a Gauntlet)

   It affects your dexterity (+3).
   It insulates you from electricity.
 U - a scarf of resistance
 W - a cursed +0 pair of gloves (worn)
Jewellery
 i - a +1 ring of protection (right hand)
 z - a ring of protection from cold (left hand)
 B - an amulet of faith (around neck)
Wands
 l - a wand of flame (30)
 D - a wand of clouds (17)
 E - a wand of digging (7)
 J - a wand of iceblast (4)
 L - a wand of acid (5)
 O - a wand of enslavement (13)
 T - a wand of polymorph (4)
 X - a wand of paralysis (17)
Scrolls
 e - 6 scrolls of magic mapping
 g - 9 scrolls of remove curse
 j - 3 scrolls of blinking
 o - 8 scrolls of identify
 q - 6 scrolls of teleportation
 v - 7 scrolls of fog
 w - 5 scrolls of immolation
 I - a scroll of enchant armour
 N - 4 scrolls of fear
 Q - 4 scrolls of enchant weapon
Potions
 d - 2 potions of might
 h - 8 potions of heal wounds
 k - a potion of ambrosia
 n - 3 potions of magic
 p - 4 potions of agility
 r - 9 potions of curing
 s - 8 potions of flight
 A - 2 potions of cancellation
 C - 3 potions of haste
 F - 4 potions of resistance
 G - 3 potions of invisibility
 H - 4 potions of mutation
 M - 5 potions of lignification
 Y - a potion of berserk rage
Miscellaneous
 m - a box of beasts
 V - a lamp of fire
Comestibles
 f - 44 rations


   Skills:
 - Level 10.0 Fighting
 + Level 10.5 Axes
 - Level 10.0 Armour
 + Level 2.4 Dodging
 - Level 15.0 Shields
 + Level 17.8 Invocations
 - Level 5.0 Evocations


You had 13 spell levels left.
You knew the following spells:

 Your Spells              Type           Power        Failure   Level  Hunger
b - Blink                 Tloc           N/A          100%        2    ###....
h - Summon Butterflies    Summ           #.......     100%        1    ##.....

Your spell library contained the following spells:

 Spells                   Type           Power        Failure   Level  Hunger
 Magic Dart               Conj           #...         100%        1    ##.....
 Shock                    Conj/Air       #...         100%        1    ##.....
 Summon Small Mammal      Summ           #...         100%        1    ##.....
 Call Imp                 Summ           #.......     100%        2    ###....
 Poisonous Vapours        Pois/Air       #.....       100%        2    ###....
 Searing Ray              Conj           #.....       100%        2    ###....
 Slow                     Hex            #.......     100%        2    ###....
 Swiftness                Chrm/Air       #.......     100%        2    ###....
 Call Canine Familiar     Summ           #.......     100%        3    ####...
 Conjure Flame            Conj/Fire      #.......     100%        3    ####...
 Dazzling Spray           Conj/Hex       #.....       100%        3    ####...
 Mephitic Cloud           Conj/Pois/Air  #.......     100%        3    ####...
 Summon Guardian Golem    Hex/Summ       #.......     100%        3    ####...
 Airstrike                Air            #.........   100%        4    #####..
 Force Lance              Conj/Tloc      #.......     100%        4    #####..
 Fulminant Prism          Conj/Hex       #.........   100%        4    #####..
 Iskenderun's Mystic Bla  Conj           #.......     100%        4    #####..
 Summon Ice Beast         Ice/Summ       #.......     100%        4    #####..
 Summon Lightning Spire   Summ/Air       #.......     100%        4    #####..
 Dispel Undead            Necr           #.......     100%        5    ######.
 Summon Mana Viper        Hex/Summ       #.......     100%        5    ######.
 Conjure Ball Lightning   Conj/Air       #.........   100%        6    #######
 Summon Hydra             Summ           #.........   100%        7    #######


Dungeon Overview and Level Annotations

Branches:
Dungeon (15/15)            Temple (1/1) D:7            Lair (6/6) D:9
 Shoals (0/4) Lair:2       Spider (3/4) Lair:2        Slime (0/5) Lair:5
    Orc (2/2) D:10            Elf (0/3) Orc:2        Vaults (0/5) D:14
 Depths (0/5) D:15

Altars:
Ashenzari
Cheibriados
Dithmenos
Elyvilon
Fedhas
Gozag
Hepliaklqana
Kikubaaqudgha
Makhleb
Nemelex Xobeh
Okawaru
Qazlal
Ru
Sif Muna
Trog
Uskayaw
Vehumet
Wu Jian
Xom
Yredelemnul
Zin
The Shining One

Shops:
D:9 !   Orc:2 !*([


Innate Abilities, Weirdness & Mutations

You cannot wear boots.
Your serpentine skin is tough. (AC +5)
You have supernaturally acute eyesight. (SInv)
Armour fits poorly on your strangely shaped body.
Your system is resistant to poisons. (rPois)
You cover ground very slowly.
You have a slow metabolism.
You can spit poison.
You can use your snake-like lower body to constrict enemies.


Message History

You block the entropy weaver's attack.
The entropy weaver hits you but does no damage.
You block the entropy weaver's attack. x2
The jumping spider completely misses you.
You block the jumping spider's attack.
The tarantella bites you but does no damage.
The wolf spider is engulfed in freezing vapours.
The wolf spider hits you.
The wolf spider bites you but does no damage.
You block the meliai's attack. x2; The entropy weaver hits you.
The entropy weaver hits you but does no damage.
The entropy weaver hits you.
You feel more protected from physical attacks.
The entropy weaver hits you but does no damage.
The jumping spider pounces on you.
The jumping spider bites you but does no damage.
The entropy weaver hits you. x3
You feel more protected from physical attacks.
The entropy weaver hits you but does no damage.
Are you sure you want to abandon this character and quit the game? (Confirm with "yes".)

..~~...##### #~.
...0.......##.~.
~..0.0......0.~.
..........~0~..
............~#
......0......#
..%..0say0...#
...0...@ss...#
.^0.~.s0a0?.~...
..000[00.....~..
.........0.%...0
.y..............
.0.~.000........
.....~0.......##
..~~~~.0..^...#


You could see 2 entropy weavers, 2 wolf spiders, a moth of wrath, a jumping
spider, a tarantella and a meliai.

Vanquished Creatures
  Rupert (Orc:2)
  Gastronok (D:11)
  A ghost moth (Spider:1)
  An emperor scorpion (Spider:1)
  An orc warlord (Orc:1)
  3 entropy weavers
  A minotaur (Gauntlet)
  A dire elephant (Gauntlet)
  The ghost of Ezoatsupp the Severer, a journeyman HOFi of Okawaru (Lair:3)
  Erolcha (Orc:2)
  5 vault guards (D:14)
  8 hydras
  A rakshasa (D:15)
  3 catoblepae
  The ghost of Ponis the Devastator, a journeyman DECj of Sif Muna (Lair:1)
  4 centaur warriors
  5 ogre magi
  15 two-headed ogres
  An orc high priest (Orc:1)
  Urug (Orc:2)
  Sonja (Orc:1)
  A fire crab (Gauntlet)
  4 wizards
  2 unseen horrors
  A necromancer (D:15)
  An orc knight (Orc:1)
  2 lindwurms (Lair:6)
  13 orb spiders
  13 deep elf magi
  An oklob plant (Lair:3)
  A wolf spider zombie (D:15)
  17 wolf spiders
  3 manticores
  16 ugly things
  2 orc sorcerers (Orc:1)
  3 cyclopes
  A moth of wrath (Spider:2)
  8 black mambas
  2 elephants
  Maurice (D:11)
  10 spiny frogs
  3 centaur skeletons
  2 gargoyles
  3 kobold demonologists
  A torpor snail (Lair:6)
  4 rime drakes
  2 komodo dragons
  9 demonic crawlers
  A yaktaur (D:14)
  2 meliai (Spider:2)
  6 trolls
  Grinder (D:3)
  A polar bear (Lair:4)
  32 jumping spiders
  A hornet (Spider:3)
  A polar bear (shapeshifter) (D:14)
  Prince Ribbit (D:9)
  16 slime creatures
  8 hippogriffs
  8 blink frogs (Lair:6)
  A hippogriff (shapeshifter) (D:14)
  7 dream sheep (Lair:6)
  2 centaur simulacra (D:15)
  49 redbacks
  Sigmund (D:4)
  4 water elementals (D:14)
  16 tarantellas
  2 wraiths
  41 yaks
  A wyvern (Lair:4)
  7 hogs
  3 fire bats (Gauntlet)
  2 humans
  A steam dragon (D:8)
  3 basilisks
  3 vampire mosquitoes (D:15)
  A hungry ghost (D:14)
  Edmund (D:6)
  5 wargs
  2 soldier ants (D:12)
  A warg (shapeshifter) (D:15)
  17 water moccasins
  4 porcupines
  A hell hound (Gauntlet)
  An eye of draining (D:15)
  2 sky beasts
  20 orc warriors
  2 ice beasts
  A black bear (D:8)
  29 ogres
  A hornet zombie (D:5)
  4 boggarts (D:15)
  6 phantoms
  38 wolves
  19 centaurs
  10 crocodiles
  7 big kobolds
  20 bullfrogs
  A wyvern zombie (D:11)
  2 wyvern skeletons
  5 killer bees (D:10)
  5 scorpions
  A wight (D:14)
  2 howler monkeys (D:11)
  6 electric eels
  6 crimson imps
  2 bullfrog zombies
  2 centaur zombies
  2 quasits
  4 bullfrog skeletons
  8 jellies
  A hound (D:8)
  Crazy Yiuf (D:6)
  17 orc priests
  Ijyb (D:3)
  Natasha (D:1)
  5 iguanas
  21 orc wizards
  5 worker ants
  A hound skeleton (D:5)
  2 worker ant zombies
  Robin (D:2)
  A howler monkey zombie (D:5)
  5 gnolls
  12 adders
  3 shadow imps
  An adder zombie (D:7)
  14 oozes
  An adder skeleton (D:6)
  2 worms
  4 dart slugs
  3 leopard geckos
  63 orcs
  6 ball pythons (D:1)
  2 giant cockroaches
  2 gnoll zombies (D:4)
  20 goblins
  9 hobgoblins
  4 jackals (D:4)
  29 kobolds
  4 quokkas
  6 bats
  6 frilled lizards
  A quokka skeleton (D:9)
  4 rats
  2 butterflies (Lair:3)
  A fungus (Lair:5)
  3 plants
906 creatures vanquished.

Vanquished Creatures (collateral kills)
  An orb spider (Spider:1)
1 creature vanquished.

Vanquished Creatures (others)
  Kirke (D:12)
  A demonic crawler (Spider:1)
  10 fungi
  8 plants
20 creatures vanquished.

Grand Total: 927 creatures vanquished

Notes
Turn   | Place    | Note
-------+----------+-------------------------------------------
     0 | D:1      | Duffy the Naga Fighter began the quest for the Orb.
     0 | D:1      | Reached XP level 1. HP: 21/21 MP: 1/1
    42 | D:1      | Reached XP level 2. HP: 18/28 MP: 2/2
   345 | D:1      | Reached XP level 3. HP: 29/34 MP: 3/3
  1109 | D:2      | Noticed Natasha
  1125 | D:1      | HP: 1/34 [Natasha (6)]
  1126 | D:1      | Killed Natasha
  1126 | D:1      | Reached XP level 4. HP: 1/42 MP: 4/4
  1977 | D:2      | Reached XP level 5. HP: 34/49 MP: 5/5
  2076 | D:2      | Found a shadowy altar of Dithmenos.
  2265 | D:3      | Noticed Robin
  2565 | D:2      | Killed Robin
  2630 | D:3      | Noticed Ijyb
  2636 | D:3      | Killed Ijyb
  3071 | D:3      | Reached XP level 6. HP: 37/56 MP: 6/6
  3477 | D:3      | Noticed Grinder
  3478 | D:3      | Paralysed by Grinder for 5 turns
  3550 | D:3      | Killed Grinder
  3550 | D:3      | Reached skill level 5 in Shields
  3550 | D:3      | Reached XP level 7. HP: 22/62 MP: 7/7
  4058 | D:3      | Found a snail-covered altar of Cheibriados.
  4182 | D:4      | Noticed Sigmund
  4197 | D:4      | Killed Sigmund
  4197 | D:4      | Reached skill level 5 in Axes
  4197 | D:4      | Reached skill level 1 in Evocations
  4287 | D:4      | Found a deep blue altar of Sif Muna.
  4291 | D:4      | Found an ornate altar of the Wu Jian Council.
  4346 | D:4      | Found a glowing silver altar of Zin.
  4350 | D:4      | Found an ancient bone altar of Kikubaaqudgha.
  4353 | D:4      | Found a sparkling altar of Nemelex Xobeh.
  4420 | D:4      | Found a basalt altar of Yredelemnul.
  4474 | D:5      | Entered Level 5 of the Dungeon
  4823 | D:5      | Got a jasper-encrusted ring mail
  4929 | D:5      | Reached XP level 8. HP: 69/69 MP: 9/9
  5629 | D:6      | Identified the +1 ring mail of Weightlessness {*Contam
                  | Dex+6 SInv Stlth+} (You found it on level 5 of the Dungeon)
  6376 | D:6      | Reached XP level 9. HP: 68/75 MP: 12/12
  6525 | D:6      | Found a bloodstained altar of Trog.
  6618 | D:6      | Noticed Edmund
  6626 | D:6      | Reached skill level 5 in Evocations
  6629 | D:6      | Killed Edmund
  7080 | D:6      | Found a runed translucent door.
  7081 | D:6      | Noticed Crazy Yiuf
  7302 | D:6      | Killed Crazy Yiuf
  7622 | D:7      | Found a staircase to the Ecumenical Temple.
  7629 | Temple   | Entered the Ecumenical Temple
  7809 | Temple   | Became a worshipper of Qazlal Stormbringer
  8693 | D:7      | Found an iron altar of Okawaru.
  8904 | D:8      | Reached skill level 1 in Invocations
  9123 | D:8      | Reached skill level 2 in Invocations
  9456 | D:9      | Reached * piety under Qazlal
  9496 | D:9      | Found Mocvudet's Distillery.
  9501 | D:9      | Bought a potion of lignification for 30 gold pieces
  9501 | D:9      | Bought a potion of agility for 40 gold pieces
  9501 | D:9      | Bought 2 potions of curing for 60 gold pieces
  9501 | D:9      | Bought a potion of flight for 30 gold pieces
  9508 | D:9      | Noticed Prince Ribbit
  9518 | D:9      | Killed Prince Ribbit
  9518 | D:9      | Reached skill level 3 in Invocations
  9724 | D:9      | Reached XP level 10. HP: 39/84 MP: 10/13
  9727 | D:9      | Reached skill level 4 in Invocations
  9729 | D:9      | Noticed an elephant
 10112 | D:9      | Found a staircase to the Lair.
 10136 | D:9      | Killed an elephant
 10232 | D:9      | Got a polished long sword
 10497 | D:9      | Reached skill level 5 in Invocations
 10723 | D:9      | Reached skill level 6 in Invocations
 10857 | D:9      | Reached ** piety under Qazlal
 11052 | D:10     | Entered Level 10 of the Dungeon
 11765 | D:10     | Reached skill level 7 in Invocations
 11871 | D:10     | Found a staircase to the Orcish Mines.
 12106 | D:8      | Reached XP level 11. HP: 74/91 MP: 13/16
 12609 | D:9      | Bought a potion of ambrosia for 80 gold pieces
 12609 | D:9      | Bought a potion of might for 40 gold pieces
 12609 | D:9      | Bought a potion of lignification for 30 gold pieces
 12632 | Lair:1   | Entered Level 1 of the Lair of Beasts
 12784 | Lair:1   | Reached *** piety under Qazlal
 12971 | Lair:1   | Found a runed translucent door.
 12973 | Lair:1   | Noticed Ponis's ghost (journeyman DECj)
 13158 | Lair:1   | Reached skill level 8 in Invocations
 13264 | Lair:1   | Reached skill level 5 in Fighting
 13319 | Lair:1   | Noticed an eight-headed hydra
 13324 | Lair:1   | Killed an eight-headed hydra
 13562 | Lair:1   | Noticed a six-headed hydra
 13570 | Lair:1   | Killed a six-headed hydra
 13570 | Lair:1   | Reached skill level 10 in Axes
 13867 | Lair:1   | Reached skill level 5 in Armour
 13959 | Lair:1   | Reached skill level 9 in Invocations
 13988 | Lair:1   | Found the +8 whip "Snakebite" {curare, rPois}
 14411 | Lair:2   | Reached XP level 12. HP: 85/103 MP: 18/18
 14689 | Lair:2   | Found a hole to the Spider Nest.
 14717 | Lair:2   | Found a staircase to the Shoals.
 15208 | Lair:3   | Reached **** piety under Qazlal
 15874 | Lair:3   | Found a runed translucent door.
 15876 | Lair:3   | Noticed Ezoatsupp's ghost (journeyman HOFi)
 16262 | Lair:4   | Noticed an eight-headed hydra
 16267 | Lair:4   | Killed an eight-headed hydra
 16267 | Lair:4   | Reached skill level 10 in Invocations
 16283 | Lair:4   | Found a gate leading to a gauntlet.
 16296 | Gauntlet | Entered a Gauntlet
 16296 | Gauntlet | Found a transporter.
 16299 | Gauntlet | Found a transporter.
 16300 | Gauntlet | Found a transporter.
 16316 | Gauntlet | Found a transporter.
 16330 | Gauntlet | Found a transporter.
 16331 | Gauntlet | Noticed a dire elephant
 16349 | Gauntlet | Noticed a balrug
 16350 | Gauntlet | Found a transporter.
 16364 | Gauntlet | Found a transporter.
 16380 | Gauntlet | Found a transporter.
 16384 | Gauntlet | Found a transporter.
 16385 | Gauntlet | Noticed a dire elephant
 16386 | Gauntlet | Found a runed translucent gate.
 16386 | Gauntlet | Found a runed translucent gate.
 16386 | Gauntlet | Found a runed translucent gate.
 16393 | Gauntlet | Found a transporter.
 16415 | Gauntlet | Found a transporter.
 16416 | Gauntlet | Found a transporter.
 16476 | Gauntlet | Killed a dire elephant
 16627 | Gauntlet | Got a spiked cloak
 16638 | Gauntlet | Identified the +1 cloak "Inwafis" {rElec Dex+3} (You found
                  | it in a Gauntlet)
 16751 | Gauntlet | Identified the ring "Soamahogg" {*Slow rPois Dex+7}
 16751 | Gauntlet | Noticed a minotaur
 16760 | Gauntlet | Killed a minotaur
 16760 | Gauntlet | Reached skill level 10 in Shields
 16956 | Lair:4   | Noticed a four-headed hydra
 16956 | Lair:4   | Noticed a five-headed hydra
 16960 | Lair:4   | Killed a five-headed hydra
 16964 | Lair:4   | Killed a six-headed hydra
 17497 | Lair:4   | Gained mutation: You can use your snake-like lower body to
                  | constrict enemies. [Naga growth]
 17497 | Lair:4   | Reached XP level 13. HP: 115/116 MP: 19/21
 17530 | Lair:4   | Learned a level 2 spell: Blink
 18026 | Lair:5   | Reached ***** piety under Qazlal
 18031 | Lair:5   | Reached skill level 11 in Invocations
 19221 | Lair:5   | Found a staircase to the Slime Pits.
 19436 | Lair:6   | Entered Level 6 of the Lair of Beasts
 19745 | Lair:6   | Learned a level 1 spell: Summon Butterflies
 19873 | Lair:6   | Reached skill level 12 in Invocations
 19880 | Lair:6   | Reached XP level 14. HP: 97/129 MP: 23/23
 20035 | Lair:6   | Identified Godimafyo's Almanac of Lethal Air
 20627 | Lair:3   | Killed Ezoatsupp's ghost
 20758 | Lair:1   | Killed Ponis's ghost
 21198 | Orc:1    | Entered Level 1 of the Orcish Mines
 21202 | Orc:1    | Noticed Sonja
 21206 | Orc:1    | Noticed an orc warlord
 21208 | Orc:1    | Killed Sonja
 21326 | Orc:1    | Killed an orc warlord
 21699 | Orc:2    | Entered Level 2 of the Orcish Mines
 21718 | Orc:2    | Reached skill level 10 in Fighting
 21988 | Orc:2    | Reached skill level 13 in Invocations
 22309 | Orc:2    | Reached XP level 15. HP: 120/138 MP: 23/25
 22510 | Orc:2    | Noticed Erolcha
 22513 | Orc:2    | Noticed Urug
 22521 | Orc:2    | Killed Erolcha
 22532 | Orc:2    | Killed Urug
 22532 | Orc:2    | Reached skill level 10 in Armour
 22758 | Orc:2    | Found Vekusap's Antique Armour Boutique.
 22758 | Orc:2    | Found Kawnilel's Weapon Shoppe.
 22759 | Orc:2    | Found Qaumoh's General Store.
 22759 | Orc:2    | Found Neucich's Distillery.
 22761 | Orc:2    | Found a staircase to the Elven Halls.
 22768 | Orc:2    | Bought a potion of heal wounds for 55 gold pieces
 22768 | Orc:2    | Bought a potion of heal wounds for 55 gold pieces
 22768 | Orc:2    | Bought a potion of heal wounds for 55 gold pieces
 22768 | Orc:2    | Bought a potion of heal wounds for 55 gold pieces
 22981 | Orc:2    | Noticed Rupert
 23012 | Orc:2    | Killed Rupert
 23378 | Orc:2    | Bought a potion of berserk rage for 55 gold pieces
 23385 | Orc:2    | Bought a +0 broad axe for 72 gold pieces
 23706 | Orc:2    | Identified a scroll of acquirement
 23971 | Orc:2    | Bought a scroll of fog for 36 gold pieces
 23971 | Orc:2    | Bought a potion of cancellation for 144 gold pieces
 24056 | D:11     | Noticed Maurice
 24064 | D:11     | Killed Maurice
 24146 | D:11     | Reached skill level 14 in Invocations
 24378 | D:11     | Noticed Gastronok
 24395 | D:11     | Killed Gastronok
 25534 | D:12     | Noticed Kirke
 25546 | D:12     | Killed Kirke
 26251 | D:13     | Found a radiant altar of Vehumet.
 26549 | D:13     | You fall through a shaft!
 26594 | D:14     | Reached ****** piety under Qazlal
 26598 | D:14     | Reached skill level 15 in Invocations
 27453 | D:14     | Reached XP level 16. HP: 103/146 MP: 27/27
 27958 | D:14     | Paralysed by a wizard for 7 turns
 27985 | D:14     | Found a gate to the Vaults.
 28366 | D:15     | Entered Level 15 of the Dungeon
 28631 | D:15     | Found a basalt altar of Yredelemnul.
 28676 | D:15     | Reached skill level 16 in Invocations
 28680 | D:15     | Found a staircase to the Depths.
 29580 | D:14     | Upgraded the game from 0.24-a0-29-g43a6aff to
                  | 0.24-a0-48-g0ecae65
 29827 | Spider:1 | Entered Level 1 of the Spider Nest
 31564 | Spider:2 | Reached skill level 17 in Invocations
 31910 | Spider:2 | Reached XP level 17. HP: 128/153 MP: 29/29
 32417 | Spider:1 | Reached skill level 15 in Shields
 32614 | Spider:2 | Reached skill level 1 in Dodging
 33462 | Spider:3 | Quit the game

Vault maps used:
D:1:      evilmike_arrival_plus, minmay_shallow_snake_nest
D:2:      nicolae_dithmenos_through_a_glass_darkly, uniq_natasha
D:3:      lemuel_round_altar, uniq_grinder, uniq_robin, uniq_ijyb
D:4:      minitemple, lemuel_zombie_altar_yredelemnul,
          grunt_temple_overflow_open, uniq_sigmund
D:5:      first_ration, serial_bayou_lagoon_a
D:6:      kennysheep_mini_moat, uniq_crazy_yiuf_cottage, uniq_edmund
D:7:      temple_fountains, okawaru_altar_gauntlet_db
D:9:      david_lair_generic, serial_shops, shop, uniq_prince_ribbit1
D:10:     orc_0_dummy, grunt_ministairs_11
D:11:     grunt_livestock, uniq_gastronok, uniq_maurice
D:12:     uniq_kirke
D:13:     basic_altar, lemuel_flamethrower_2
D:14:     grunt_vaults_entry_fortified, serial_glass, glass_columns_a,
          glass_columns_c, glass_columns_b, glass_columns_b, glass_columns_a,
          glass_columns_a, glass_columns_a, glass_columns_a,
          serial_bayou_ford_a, st_stairs_11, elves_outpost_lemuel
D:15:     grunt_enter_depths_magical_seal, yredelemnul_altar_generic,
          serial_glass, glass_columns_b, glass_columns_b,
          minmay_misc_feat_enclosed
Temple:   minmay_temple_bridge_abc
Lair:1:   minmay_guarded_unrand_snakebite, ebering_ghost_reflecting_pool
Lair:2:   elwin_shoals_entry_rocks, dummy_spider_entry, minivault_24,
          chequers_serial_rivers_small_3
Lair:3:   lemuel_slime, ebering_ghost_reflecting_pool, serial_bayou_shore_a,
          lemuel_fruit_fields
Lair:4:   gauntlet_entry_generic
Lair:5:   dpeg_slime_entry_corner, chequers_serial_rivers_room_a,
          grunt_forest_large_clearings
Lair:6:   hangedman_lair_in_review
Spider:2: nicolae_spider_stair_cavern
Spider:3: spiders_nest_the_unseen, uniq_roxanne, uniq_arachne
Orc:1:    serial_shops, nicolae_shop_overgrown_old_shop, mines4_lemuel,
          uniq_sonja
Orc:2:    st_orc_ogre_mass, uniq_urug, uniq_rupert, uniq_erolcha
Gauntlet: minmay_gauntlet_mixed_oops_all_seconds

Skill      XL: |  1  2  3  4  5  6  7  8  9 10 11 12 13 14 15 16 17 |
---------------+----------------------------------------------------+-----
Shields        | 3 4 5 6 8 9 10 11 12 13 14 15 | 15.0
Axes           | 3 4 5 6 8 9 10 | 10.5
Evocations     | 2 4 5 |  5.0
Invocations    | 3 7 9 10 12 13 15 17 | 17.8
Armour         | 3 5 6 8 9 10 | 10.0
Fighting       | 5 7 9 10 | 10.0
Dodging        | 2 |  2.4

Action                   |  1- 3 |  4- 6 |  7- 9 | 10-12 | 13-15 | 16-18 || total
-------------------------+-------+-------+-------+-------+-------+-------++-------
Melee: War axe           |    82 |   116 |   347 |   523 |   662 |   499 ||  2229
       Constrict         |       |       |       |       |   146 |   108 ||   254
 Fire: Blowgun           |       |       |     4 |       |       |       ||     4
Invok: Upheaval          |       |       |       |       |    19 |     4 ||    23
       Disaster Area     |       |       |       |       |     2 |     5 ||     7
 Abil: Spit Poison       |     3 |    25 |     8 |     6 |       |       ||    42
       Evoke Invisibilit |       |       |     1 |     6 |     1 |     1 ||     9
Evoke: Wand              |       |    12 |     2 |    35 |     2 |    16 ||    67
       Lamp of fire      |       |       |       |       |     1 |       ||     1
  Use: Scroll            |       |     1 |    11 |    17 |     7 |       ||    36
       Potion            |       |       |     1 |       |     1 |     3 ||     5
 Stab: Sleeping          |       |     1 |       |       |       |       ||     1
       Invisible         |       |       |     1 |    11 |     8 |       ||    20
       Petrified         |       |       |       |       |     2 |       ||     2
       Petrifying        |       |       |       |       |     1 |       ||     1
       Paralysed         |       |       |       |       |       |     7 ||     7
       Distracted        |       |       |       |       |       |     2 ||     2
  Eat: Chunk             |       |     6 |     9 |    19 |     9 |     1 ||    44
       Ration            |       |       |     3 |     1 |     6 |     5 ||    15
Armor: Scale mail        |    39 |    20 |       |       |       |       ||    59
       Leather armour    |       |    37 |    98 |    44 |       |       ||   179
       Plate armour      |       |       |       |   185 |   416 |   674 ||  1275
Dodge: Dodged            |    12 |    43 |   116 |    72 |    49 |    63 ||   355
       Deflected         |       |       |       |       |     5 |       ||     5
Block: Shield            |    45 |    86 |   206 |   239 |       |       ||   576
       Large shield      |       |       |       |   212 |   889 |  1034 ||  2135

Table legend:
 A = Non-vault XP
 B = Vault XP
 C = Vault XP percentage of total XP
 D = Non-vault monster count
 E = Vault monster count
 F = Vault count percentage of total count
                 A         B        C        D         E       F
            +---------+---------+-------+---------+---------+-------
      Total |  133049 |   75646 |  36.2 |     666 |     236 |  26.2
            +---------+---------+-------+---------+---------+-------
        D:1 |      36 |      46 |  56.1 |      13 |       7 |  35.0
        D:2 |      92 |      36 |  28.1 |      22 |      12 |  35.3
        D:3 |     136 |     334 |  71.1 |      22 |       2 |   8.3
        D:4 |      70 |     224 |  76.2 |      15 |       3 |  16.7
        D:5 |     743 |       0 |   0.0 |      13 |       0 |   0.0
        D:6 |    1157 |     212 |  15.5 |      27 |       2 |   6.9
        D:7 |       6 |      12 |  66.7 |       1 |       6 |  85.7
        D:8 |    1354 |       0 |   0.0 |      15 |       0 |   0.0
        D:9 |    2938 |    1221 |  29.4 |      32 |       5 |  13.5
       D:10 |    1764 |     178 |   9.2 |      29 |       3 |   9.4
       D:11 |    5440 |    3476 |  39.0 |      32 |       7 |  17.9
       D:12 |    3628 |    2629 |  42.0 |      20 |       5 |  20.0
       D:13 |    3752 |       0 |   0.0 |      19 |       0 |   0.0
       D:14 |   11746 |   13586 |  53.6 |      48 |      23 |  32.4
       D:15 |   11936 |    4432 |  27.1 |      45 |       8 |  15.1
     Lair:1 |    4741 |    3391 |  41.7 |      19 |      14 |  42.4
     Lair:2 |    4864 |       0 |   0.0 |      20 |       0 |   0.0
     Lair:3 |    2916 |    2123 |  42.1 |      12 |      19 |  61.3
     Lair:4 |    5969 |     236 |   3.8 |      16 |       2 |  11.1
     Lair:5 |    5160 |    4082 |  44.2 |      20 |      35 |  63.6
     Lair:6 |    6700 |    8555 |  56.1 |      28 |      18 |  39.1
   Spider:1 |   23363 |       0 |   0.0 |      59 |       0 |   0.0
   Spider:2 |   18677 |       0 |   0.0 |      47 |       0 |   0.0
   Spider:3 |    7901 |       0 |   0.0 |      28 |       0 |   0.0
      Orc:1 |    5756 |    9188 |  61.5 |      23 |      25 |  52.1
      Orc:2 |    2204 |   17165 |  88.6 |      41 |      32 |  43.8
   Gauntlet |       0 |    4520 | 100.0 |       0 |       8 | 100.0
            +---------+---------+-------+---------+---------+-------
